 Dungeon Sprint DCSS version 0.30.1-11-g7821555f0a (webtiles) character file.

Game seed: 14000051319604390726

6451 Groucho the Thaumaturge (level 10, -4/63 HPs)
             Began as a Deep Elf Earth Elementalist on Jan 17, 2024.
             Was a High Priest of Sif Muna.
             Slain by a death yak (28 damage)
             ... in the Dungeon (Sprint IX: "|||||||||||||||||||||||||||||").
             The game lasted 00:11:02 (5783 turns).

Groucho the Thaumaturge (DEEE)                      Turns: 5783, Time: 00:11:02

Health: -4/63      AC:  5    Str:  5    XL:     10   Next: 67%
Magic:  18/29      EV: 12    Int: 31    God:    Sif Muna [*****.]
Gold:   0          SH:  0    Dex: 15    Spells: 28/36 levels left

rFire   . . .        k - +6 rapier (venom)
rCold   . . .        (no shield)
rNeg    . . .        d - +0 troll leather armour
rPois   .            (no helmet)
rElec   .            l - +0 cloak
rCorr   .            (no gloves)
SInv    .            (no boots)
Will    +....        (no amulet)
Stlth   ++++         n - +3 ring of intelligence
HPRegen 1.10/turn    o - +3 ring of intelligence
MPRegen 0.21/turn

%: no teleportation
@: no status effects
A: no striking features
a: Renounce Religion, Channel Magic, Forget Spell, Divine Exegesis


You were in the Dungeon.
You worshipped Sif Muna.
Sif Muna was extremely pleased with you.
You visited 1 branch

Inventory:

Hand Weapons
 h - a +3 whip of flaming
 k - a +6 rapier of venom (weapon)
Armour
 d - a +0 troll leather armour (worn)
 l - a +0 cloak (worn)
 m - a +2 ring mail
Jewellery
 n - a +3 ring of intelligence (left hand)
 o - a +3 ring of intelligence (right hand)
Wands
 j - a wand of roots (9)
Scrolls
 g - 2 scrolls of amnesia
 p - 5 scrolls of enchant armour
 r - a scroll of fog
Potions
 a - 2 potions of heal wounds
 b - 4 potions of magic
 c - 5 potions of curing
 e - a potion of brilliance
 f - a potion of berserk rage


   Skills:
 - Level 7.0 Fighting
 + Level 8.3 Short Blades
 + Level 1.0 Armour
 + Level 3.1 Dodging
 - Level 10.0 Stealth
 + Level 13.6 Spellcasting
 + Level 11.2 Conjurations
 + Level 9.2 Transmutations
 + Level 13.3 Earth Magic
 + Level 9.0 Invocations


You had 28 spell levels left.
You knew the following spells:

 Your Spells              Type           Power      Damage    Failure   Level
a - Sandblast             Erth           100%       2d20      0%          1
b - Stone Arrow           Conj/Erth      100%       3d13      1%          3
c - Petrify               Tmut/Erth      74%        N/A       1%          4

Your spell library contained the following spells:

 Spells                   Type           Power      Damage    Failure   Level
 Passwall                 Tmut/Erth      61%        N/A       1%          2
 Statue Form              Tmut/Erth      49%        N/A       5%          6
 Lehudib's Crystal Spear  Conj/Erth      38%        10d10     83%         8
 Shatter                  Erth           40%        3d32*     100%        9


Dungeon Overview and Level Annotations

Branches:
Dungeon (1/1)

Altars:
Cheibriados
Dithmenos
Elyvilon
Fedhas
Gozag
Hepliaklqana
Kikubaaqudgha
Makhleb
Nemelex Xobeh
Okawaru
Qazlal
Ru
Sif Muna
Trog
Uskayaw
Vehumet
Wu Jian
Xom
Yredelemnul
Zin
The Shining One
Jiyva
Lugonu


Message History

Unknown command.
Unknown command.
Magic courses through your body. The death yak barely misses you.
Unknown command.
You feel much better. The death yak gores you!!
Unknown command.
Unknown command.
Casting: Stone Arrow (safe; 1% risk of failure)
Confirm with . or Enter, or press ? or * to list all spells.
Aiming: Stone Arrow (safe; 1% risk of failure)
Press: ? - help, Shift-Dir - straight line, f/p - death yak
Aim: a death yak (heavily wounded, 92% to hit)
The stone arrow hits the death yak!
The death yak is severely wounded.
The death yak gores you but does no damage.
Unknown command.
Unknown command.
Casting: Stone Arrow (safe; 1% risk of failure)
Confirm with . or Enter, or press ? or * to list all spells.
Aiming: Stone Arrow (safe; 1% risk of failure)
Press: ? - help, Shift-Dir - straight line, f/p - death yak
Aim: a death yak (severely wounded, 92% to hit)
The stone arrow hits the death yak!
The death yak is almost dead.
The death yak gores you.
Unknown command.
Unknown command.
Casting: Stone Arrow (safe; 1% risk of failure)
Confirm with . or Enter, or press ? or * to list all spells.
Aiming: Stone Arrow (safe; 1% risk of failure)
Press: ? - help, Shift-Dir - straight line, f/p - death yak
Aim: a death yak (almost dead, 92% to hit)
The stone arrow hits the death yak!
The death yak is almost dead.
The death yak gores you!!
* * * LOW HITPOINT WARNING * * *
Unknown command.
Unknown command.
You feel much better. The death yak gores you!!
You die...

▓.▓.▓.▓
▓'▓.▓.▓
▓)▓.▓.▓
▓.▓.▓Y▓
▓(▓.▓'▓
▓.▓.▓.▓
▓.▓.▓.▓
▓'▓Y▓.▓
▓.▓@▓.▓
▓.▓.▓.▓
▓.▓.▓.▓
▓.▓.▓|▓
▓)▓.▓(▓
▓'▓.▓.▓
▓_▓.▓.▓
▓_▓.▓.▓
▓_▓.▓.▓


You could see a death yak.

Vanquished Creatures
  2 hydras (D)
  A death yak (D)
  An elephant (D)
  3 cane toads (D)
  A rime drake (D)
  3 komodo dragons (D)
  A troll (D)
  A blink frog (D)
  A slime creature (D)
  2 wraiths (D)
  2 yaks (D)
  A basilisk (D)
  2 water moccasins (D)
  3 orc warriors (D)
  A black bear (D)
  2 centaurs (D)
  3 wolves (D)
  A bullfrog (D)
  A kobold brigand (D)
  A hound (D)
  An orc wizard (D)
  An adder (D)
  A white imp (D)
  A ball python (D)
  An endoplasm (D)
  2 kobolds (D)
  A rat (D)
41 creatures vanquished.

Notes
Turn   | Place    | Note
-------+----------+-------------------------------------------
     0 | D        | Groucho the Deep Elf Earth Elementalist began the quest for
                  | the Orb.
     0 | D        | Reached XP level 1. HP: 10/10 MP: 6/6
     7 | D        | Reached skill level 1 in Conjurations
   337 | D        | Noticed a hound
   337 | D        | Noticed a black bear
   337 | D        | Noticed a water moccasin
   342 | D        | Killed a hound
   343 | D        | Reached skill level 5 in Spellcasting
   343 | D        | Reached XP level 2. HP: 15/15 MP: 3/10
   343 | D        | Reached XP level 3. HP: 19/19 MP: 3/11
   348 | D        | Learned a level 3 spell: Stone Arrow
   625 | D        | Killed a black bear
   626 | D        | Reached skill level 5 in Conjurations
   626 | D        | Reached XP level 4. HP: 24/24 MP: 5/14
  1013 | D        | Reached XP level 5. HP: 28/28 MP: 12/16
  1016 | D        | Killed a water moccasin
  1029 | D        | Found a snail-covered altar of Cheibriados.
  1029 | D        | Found a shadowy altar of Dithmenos.
  1029 | D        | Found a white marble altar of Elyvilon.
  1029 | D        | Found a blossoming altar of Fedhas.
  1029 | D        | Found an opulent altar of Gozag.
  1030 | D        | Found a hazy altar of Hepliaklqana.
  1031 | D        | Found a viscous altar of Jiyva.
  1032 | D        | Found an ancient bone altar of Kikubaaqudgha.
  1033 | D        | Found a corrupted altar of Lugonu.
  1034 | D        | Found a burning altar of Makhleb.
  1035 | D        | Found a sparkling altar of Nemelex Xobeh.
  1036 | D        | Found an iron altar of Okawaru.
  1037 | D        | Found a stormy altar of Qazlal.
  1038 | D        | Found a sacrificial altar of Ru.
  1039 | D        | Found a shimmering blue altar of Sif Muna.
  1040 | D        | Found a bloodstained altar of Trog.
  1041 | D        | Found a hide-covered altar of Uskayaw.
  1042 | D        | Found a radiant altar of Vehumet.
  1043 | D        | Found an ornate altar of the Wu Jian Council.
  1044 | D        | Found a shimmering altar of Xom.
  1045 | D        | Found a basalt altar of Yredelemnul.
  1046 | D        | Found a glowing silver altar of Zin.
  1047 | D        | Found a glowing golden altar of the Shining One.
  1051 | D        | Became a worshipper of Sif Muna the Loreminder
  1293 | D        | Learned a level 4 spell: Petrify
  1293 | D        | Noticed an orc warrior
  1293 | D        | Noticed an orc warrior
  1293 | D        | Noticed a yak
  1293 | D        | Noticed an orc warrior
  1300 | D        | HP: 1/28 [orc warrior/+0 battleaxe (13)]
  1302 | D        | Killed an orc warrior
  1303 | D        | Reached skill level 1 in Fighting
  1303 | D        | Reached skill level 1 in Short Blades
  1303 | D        | Reached skill level 10 in Earth Magic
  1303 | D        | Reached skill level 1 in Invocations
  1303 | D        | Reached XP level 6. HP: 28/34 MP: 14/19
  1306 | D        | Killed an orc warrior
  1314 | D        | Killed a yak
  1314 | D        | Reached * piety under Sif Muna
  1315 | D        | Reached XP level 7. HP: 6/40 MP: 1/22
  1542 | D        | Reached skill level 5 in Stealth
  2338 | D        | Reached ** piety under Sif Muna
  2716 | D        | Noticed a slime creature
  2716 | D        | Noticed a wraith
  2716 | D        | Noticed a troll
  2716 | D        | Noticed a wraith
  2767 | D        | Reached skill level 10 in Spellcasting
  3038 | D        | Killed a slime creature
  3039 | D        | Reached skill level 5 in Transmutations
  3039 | D        | Reached XP level 8. HP: 47/47 MP: 20/24
  3044 | D        | Reached skill level 5 in Invocations
  3056 | D        | Killed a troll
  3056 | D        | Reached *** piety under Sif Muna
  3057 | D        | Reached skill level 5 in Short Blades
  3698 | D        | Noticed a blink frog
  3698 | D        | Noticed a komodo dragon
  3698 | D        | Noticed a komodo dragon
  3706 | D        | Killed a blink frog
  3869 | D        | Killed a komodo dragon
  3869 | D        | Reached **** piety under Sif Muna
  3870 | D        | Reached XP level 9. HP: 53/53 MP: 19/26
  3879 | D        | Reached skill level 5 in Fighting
  3970 | D        | Killed a komodo dragon
  3976 | D        | Reached ***** piety under Sif Muna
  4015 | D        | Received a gift from Sif Muna
  4016 | D        | Got Sif Muna's Handbook of Earth {god gift}
  4068 | D        | Noticed a cane toad
  4078 | D        | Killed a cane toad
  4413 | D        | Noticed an elephant
  4413 | D        | Noticed a rime drake
  4413 | D        | Noticed a cane toad
  4413 | D        | Noticed a cane toad
  4415 | D        | Noticed a seven-headed hydra
  4608 | D        | Killed an elephant
  4609 | D        | Reached skill level 10 in Conjurations
  4722 | D        | Killed a rime drake
  4773 | D        | Killed a cane toad
  4774 | D        | Reached skill level 10 in Stealth
  4774 | D        | Reached XP level 10. HP: 60/60 MP: 25/28
  4805 | D        | Killed a seven-headed hydra
  4844 | D        | Killed a cane toad
  4911 | D        | Noticed an eight-headed hydra
  4955 | D        | Killed an eight-headed hydra
  5292 | D        | Noticed a death yak
  5292 | D        | Noticed a death yak
  5292 | D        | Noticed a catoblepas
  5730 | D        | Killed a death yak
  5731 | D        | Reached skill level 1 in Armour
  5782 | D        | HP: 2/63 [death yak (25)]
  5783 | D        | Slain by a death yak

Illustrated notes

Levels and vault maps discovered:
D:        linesprint [early_d, line_temple, items_1, d_10, items_2, lair_1,
          lair_end, items_3, orc_1, orc_end, items_4, d_15, swamp_1, shoals_1,
          snake_1, spider_1, d_20, vaults_1, items_5, swamp_end, shoals_end,
          snake_end, spider_end, vaults_end, d_27, items_6, zot_1, zot_end,
          crypt_end, forest_end, elf_end, slime_end, tomb_end, abyss_end,
          pan_hell_end]

Skill      XL: |  1  2  3  4  5  6  7  8  9 10 |
---------------+-------------------------------+-----
Conjurations   | 3 5 6 7 8 9 10 11 | 11.2
Earth Magic    | 6 8 10 11 12 13 | 13.3
Spellcasting   | 5 6 7 8 9 10 11 12 13 | 13.6
Fighting       | 1 2 3 4 6 7 |  7.0
Short Blades   | 1 3 4 5 7 8 |  8.3
Stealth        | 3 4 6 8 10 | 10.0
Transmutations | 2 3 5 6 8 9 |  9.2
Invocations    | 1 3 4 6 7 9 |  9.0
Armour         | 1 |  1.0
Dodging        | 3 |  3.1

Action                     |  1- 3 |  4- 6 |  7- 9 | 10-12 || total
---------------------------+-------+-------+-------+-------++-------
  Melee: Rapier            |       |     5 |    44 |    15 ||    64
         Punch             |       |       |     2 |       ||     2
   Cast: Sandblast         |     9 |     1 |       |       ||    10
         Stone Arrow       |     2 |    12 |    21 |     5 ||    40
         Petrify           |       |       |    22 |    18 ||    40
  Evoke: Wand              |       |       |       |     1 ||     1
    Use: Potion            |     2 |     3 |     2 |     4 ||    11
         Scroll            |       |     1 |     5 |       ||     6
   Stab: Petrified         |       |       |    31 |    15 ||    46
         Petrifying        |       |       |     1 |       ||     1
 Armour: Robe              |       |     1 |     5 |       ||     6
         Troll leather arm |       |       |     7 |     2 ||     9
  Dodge: Dodged            |     3 |     9 |    25 |     5 ||    42
